Map: Cerulean Fall LE

Players

Cure

  • Race: Terran Terran
  • Spawn Location: 1:00

lIIllllIIlll (INnoVation) - Winner!

  • Race: Terran Terran
  • League: Master
  • Spawn Location: 7:00

Event: HomeStory Cup XVIII

VOD

Have the link to the VOD?

Description

Time

  • Played on: Nov. 25, 2018, 10:28 a.m.
  • Length: 12:50

All games in this series

Show
View Real Time Build Order
Export as new Build Order

Cure Terran 

Build Orders: 1/1/1, Banshee Rush 

Get SALT Encoding   

  12  0:00  SCV  
  13  0:12  SCV  
  14  0:17  Supply Depot  
  14  0:24  SCV  
  15  0:29  Refinery  
  15  0:39  SCV  
  16  0:44  Barracks  
  16  0:51  SCV  
  16  0:56  Refinery  
  17  1:03  SCV  
  18  1:15  SCV  
  19  1:31  Orbital Command  
  19  1:33  Factory  
  19  1:37  Reaper  
  20  1:50  Supply Depot  
  20  1:56  SCV  
  21  2:08  SCV  
  21  2:09  Reaper  
  23  2:18  Starport  
  23  2:20  SCV  
  23  2:21  Factory Tech Lab  
  24  2:33  SCV  
  25  2:43  Command Center  
  25  2:45  SCV  
  25  2:50  Supply Depot  
  26  2:59  Cloaking Field  
  26  3:04  Banshee  
  29  3:10  Hellion  
  31  3:14  SCV  
  31  3:17  Barracks Reactor  
  32  3:26  SCV  
  33  3:31  Factory Tech Lab  
  33  3:38  SCV  
  33  3:40  Refinery  
  34  3:47  Banshee  
  37  3:50  SCV  
  40  3:56  Orbital Command  
  40  3:57  Cyclone  
  40  4:02  SCV  
  42  4:03  Marine x2  
  44  4:12  Supply Depot  
  44  4:14  SCV  
  45  4:29  Siege Tank, SCV x2  
  45  4:30  Marine x2  
  52  4:37  Raven  
  54  4:39  Supply Depot  
  54  4:42  SCV  
  54  4:44  SCV  
  56  4:47  Supply Depot  
  56  4:50  Marine x2  
  58  4:56  SCV x2  
  58  4:58  Supply Depot  
  60  5:04  Siege Tank  
  63  5:08  SCV x2  
  63  5:11  Supply Depot  
  65  5:20  SCV x2  
  67  5:26  Viking x2  
  67  5:27  Marine  
  72  5:33  SCV x2  
  74  5:37  Siege Tank  
  77  5:45  SCV x2  
  77  5:47  Refinery  
  77  5:48  Supply Depot, Marine  
  80  5:56  Viking x2  
  84  5:59  SCV x2  
  84  6:00  Supply Depot  
  86  6:06  Marine  
  86  6:09  Siege Tank  
  90  6:12  SCV x2  
  90  6:14  Stimpack  
  90  6:15  Supply Depot  
  92  6:24  Command Center  
  92  6:29  Marine  
  92  6:30  Viking  
  95  6:33  Viking  
  95  6:39  SCV x2  
  99  6:46  Marine  
  100  6:57  Siege Tank, Barracks  
  100  6:58  Barracks  
  100  6:59  SCV x2  
  105  7:02  Engineering Bay  
  105  7:04  Engineering Bay, Marine  
  103  7:11  Viking x2  
  103  7:15  SCV x2  
  105  7:25  Marine  
  105  7:27  SCV  
  105  7:28  SCV  
  108  7:34  Siege Tank  
  111  7:37  Orbital Command  
  111  7:40  SCV x2  
  111  7:41  Terran Infantry Weapons Level 1, Terran Infantry Armor Level 1  
  111  7:42  Viking  
  115  7:46  Viking  
  115  7:48  Barracks Reactor  
  115  7:49  Barracks Reactor  
  117  7:52  Marine  
  117  7:54  SCV x2  
  117  8:03  SCV  
  103  8:06  SCV  
  103  8:11  Marine  
  103  8:12  Siege Tank  
  91  8:13  SCV  
  91  8:15  Medivac, SCV  
  91  8:16  Medivac  
  91  8:18  SCV  
  95  8:22  Refinery x2, Barracks  
  95  8:25  Marine x3, Barracks  
  98  8:29  Marine, SCV x2  
  98  8:30  SCV  
  102  8:39  Combat Shield  
  102  8:42  Marine x3  
  102  8:43  Marine  
  102  8:47  Marine  
  107  8:50  Siege Tank  
  107  8:53  Sensor Tower  
  110  9:02  Marine x2  
  110  9:03  Marine x2  
  110  9:04  Medivac x2  
  110  9:05  Marine  
  96  9:18  Barracks Reactor x2  
  96  9:20  Marine x4  
  96  9:22  Marine  
  96  9:23  Armory  
  101  9:27  Siege Tank  
  104  9:38  Marine x4  
  104  9:40  Marine  
  109  9:50  Medivac x2  
  112  9:55  Marine x4  
  112  9:56  Marine x4  
  112  9:58  Marine  
  112  9:59  Siege Tank  
  117  10:12  Marine x2  
  117  10:13  Marine x2  
  117  10:14  Marine x4, Orbital Command  
  115  10:16  Marine  
  114  10:30  Marine x4  
  114  10:31  Marine  
  114  10:33  Siege Tank  
  121  10:41  Marine x3  
  121  10:42  SCV x3  
  126  10:45  Refinery  
  126  10:56  Marine x4  
  111  10:57  Marine x2  
  111  10:59  Marine  
  111  11:00  Marine  
  112  11:05  Marine  
  112  11:08  Siege Tank  
  116  11:12  Viking  
  116  11:13  Marine x3  
  116  11:16  Viking  
  123  11:25  Marine x6  
  127  11:30  Sensor Tower  
  129  11:39  Command Center  
  129  11:40  Marine x3  
  133  11:50  Supply Depot  
  133  11:53  Supply Depot, Siege Tank  
  122  12:07  Marine x6  
  127  12:08  Marine x3  
  134  12:24  Marine x2  
  134  12:25  Marine x4  
  134  12:26  Marine x3  
  134  12:27  Factory  
Show
View Real Time Build Order
Export as new Build Order

lIIllllIIlll Terran - Winner!

Build Orders: Reaper Expand 

Get SALT Encoding   

  12  0:00  SCV  
  13  0:12  SCV  
  14  0:17  Supply Depot  
  14  0:24  SCV  
  15  0:39  SCV  
  15  0:41  Barracks  
  16  0:43  Refinery  
  16  0:51  SCV  
  17  1:03  SCV  
  18  1:15  SCV  
  19  1:28  Reaper, Orbital Command  
  20  1:51  Command Center  
  20  1:53  SCV  
  21  1:55  Supply Depot  
  21  1:59  Marine  
  22  2:08  Factory  
  22  2:10  SCV  
  23  2:16  Refinery  
  23  2:21  Barracks Reactor  
  23  2:23  SCV  
  23  2:29  Bunker  
  24  2:35  SCV  
  25  2:47  SCV  
  26  2:52  Starport, Hellion  
  28  2:59  Marine  
  28  3:00  SCV  
  28  3:04  Orbital Command  
  30  3:08  Marine  
  30  3:12  SCV  
  32  3:13  Factory Tech Lab  
  32  3:18  Marine  
  33  3:24  SCV  
  33  3:25  Marine  
  35  3:29  Refinery  
  35  3:34  SCV  
  36  3:35  Raven  
  36  3:37  Factory Tech Lab, SCV  
  39  3:42  Marine  
  39  3:43  Marine  
  39  3:47  Supply Depot, SCV  
  42  3:49  SCV  
  42  3:56  Cyclone  
  42  3:59  SCV  
  46  4:06  Supply Depot  
  46  4:08  Marine x2  
  46  4:09  SCV  
  49  4:11  SCV  
  50  4:19  Raven  
  50  4:21  SCV  
  53  4:24  Supply Depot  
  53  4:25  SCV  
  54  4:33  SCV  
  54  4:34  Marine x2  
  54  4:37  SCV  
  58  4:40  Siege Tank  
  58  4:45  SCV  
  62  4:47  Supply Depot  
  62  4:49  SCV  
  62  4:50  Engineering Bay  
  63  4:57  SCV  
  66  5:01  SCV  
  65  5:09  SCV  
  65  5:10  Supply Depot  
  65  5:11  Viking x2  
  65  5:14  Siege Tank, SCV  
  71  5:16  Supply Depot  
  74  5:21  SCV  
  74  5:22  Stimpack  
  74  5:26  SCV  
  74  5:31  Command Center  
  74  5:33  SCV  
  74  5:35  Refinery  
  75  5:38  SCV  
  75  5:40  Engineering Bay  
  76  5:44  Viking x2  
  76  5:45  SCV  
  81  5:50  SCV  
  81  5:51  Supply Depot  
  82  5:57  SCV, Barracks  
  82  5:58  Barracks  
  82  6:02  SCV  
  84  6:10  SCV  
  85  6:13  Barracks  
  85  6:14  Barracks, SCV  
  85  6:16  Terran Infantry Weapons Level 1, Terran Infantry Armor Level 1  
  85  6:18  Marine  
  87  6:22  SCV  
  88  6:26  Viking, SCV  
  88  6:28  Viking  
  93  6:34  Siege Tank, SCV  
  93  6:36  Marine  
  98  6:41  Missile Turret, SCV  
  98  6:42  Supply Depot  
  98  6:46  Barracks Reactor  
  98  6:47  Barracks Reactor  
  98  6:49  SCV x2  
  99  6:54  Marine  
  99  6:57  Viking  
  99  6:58  Viking  
  103  7:03  Orbital Command  
  103  7:04  Barracks Reactor x2  
  103  7:12  Marine, SCV x2  
  104  7:17  Siege Tank  
  104  7:21  Orbital Command  
  107  7:25  Supply Depot, Marine x2  
  107  7:26  Marine x2  
  111  7:30  Marine, Viking  
  111  7:32  Viking  
  116  7:38  Supply Depot  
  116  7:41  Armory  
  116  7:49  Marine x6  
  106  8:07  Marine  
  106  8:08  SCV  
  106  8:09  SCV  
  101  8:13  Medivac x2  
  101  8:15  Marine  
  101  8:16  Marine, Combat Shield  
  101  8:17  Marine x6  
  106  8:21  SCV x2  
  106  8:22  SCV  
  109  8:31  Marine  
  109  8:33  Marine  
  111  8:34  Marine  
  111  8:35  Marine x3  
  111  8:36  Terran Infantry Weapons Level 2  
  115  8:44  Terran Infantry Armor Level 2  
  114  8:49  Marine x4  
  114  8:51  Marine  
  114  8:52  Marine x2  
  114  8:54  SCV x3  
  124  8:57  Supply Depot  
  124  8:59  Siege Tank  
  124  9:02  Marine x2  
  113  9:07  Marine x4  
  110  9:19  Marine, Medivac x2  
  110  9:20  Marine x4  
  119  9:25  Marine  
  119  9:28  Command Center  
  120  9:34  Marine x3  
  120  9:37  Marine  
  120  9:38  Marine  
  125  9:41  Sensor Tower  
  125  9:42  Siege Tank  
  128  9:51  Marine x3  
  128  9:52  Marine x4  
  134  9:55  Marine, Medivac  
  134  9:57  Medivac  
  135  10:07  Marine  
  135  10:09  Marine x4  
  135  10:10  Marine x3  
  135  10:15  Supply Depot x2  
  135  10:17  Marine, Siege Tank  
  135  10:20  SCV x2  
  140  10:28  Medivac x2  
  131  10:31  Marine x5  
  134  10:36  Marine x3  
  134  10:39  SCV x3  
  136  10:43  Planetary Fortress  
  136  10:45  Marine  
  136  10:49  Marine x2  
  127  11:00  Marine, Medivac x2  
  127  11:01  Marine x5  
  127  11:03  Marine  
  134  11:06  Marine, Siege Tank  
  134  11:07  Marine  
  134  11:08  SCV x2  
  134  11:09  SCV  
  142  11:15  Refinery  
  142  11:16  Refinery  
  142  11:18  Marine x4  
  142  11:19  Marine x2  
  148  11:25  SCV  
  148  11:26  Marine x3, SCV x2  
  154  11:36  Marine x2  
  154  11:37  Marine x2  
  154  11:38  Marine  
  154  11:39  Marine  
  160  11:44  Marine  
  161  11:50  Marine x2  
  161  11:54  Marine x2  
  161  12:05  Marine, Medivac x2  
  161  12:08  Barracks  
  166  12:09  Marine x6  
  166  12:10  Barracks  
  166  12:14  Marine x2  
  174  12:22  Supply Depot x2  
  177  12:23  Supply Depot, Marine  
  177  12:26  Marine  
  177  12:30  Marine  
  177  12:31  Marine x2  
Tags
 
Add a new tag
Caveats
  • Supply blocks, unpowered buildings, or Contaminate may cause inaccurate times.
  • Supply counts are checked every 10 seconds.